 Dungeon Crawl Stone Soup version 0.31-a0-1074-g0b22e4e0f1 (webtiles) character file.

Game seed: 543454601078632464

971 grandjackal the Jinx (level 7, -1/46 HPs)
             Began as a Vampire Enchanter on Dec 2, 2023.
             Was a Follower of Dithmenos.
             Slain by Grinder (2 damage)
             ... on level 5 of the Dungeon.
             The game lasted 00:07:10 (3730 turns).

grandjackal the Jinx (Vampire Enchanter)            Turns: 3730, Time: 00:07:11

Health: -1/46      AC:  3    Str:  7    XL:     7   Next: 94%
Magic:  5/10       EV: 12    Int: 19    God:    Dithmenos [*.....]
Gold:   313        SH:  0    Dex: 15    Spells: 2/10 levels left

rFire   . . .        s - +0 dagger (vamp)
rCold   . . .        (no shield)
rNeg    + . .        b - +0 robe
rPois   .            h - +0 helmet
rElec   .            (no cloak)
rCorr   .            (no gloves)
SInv    +            (no boots)
Will    .....        (no amulet)
Stlth   +++          i - ring of positive energy
HPRegen 0.47/turn    (no ring)
MPRegen 0.12/turn

%: no passive effects
@: healing quickly, wreathed by umbra
A: alive, fangs 3, see invisible, vampiric 2
a: Exsanguinate, Renounce Religion


You were on level 5 of the Dungeon.
You worshipped Dithmenos.
Dithmenos was aware of your devotion.
You visited 1 branch of the dungeon, and saw 5 of its levels.

You collected 313 gold pieces.

Inventory:

Hand Weapons
 a - a +1 dagger
 s - a +0 vampiric dagger (weapon)
Missiles
 t - a throwing net
Armour
 b - a +0 robe (worn)
 g - an orb of mayhem
 h - a +0 helmet (worn)
Jewellery
 i - a ring of positive energy (left hand)
 k - a +6 ring of strength
Wands
 f - a wand of light (9)
 p - a wand of roots (14)
 w - a wand of polymorph (6)
Scrolls
 e - a scroll of noise {unknown}
 l - 2 scrolls of revelation {unknown}
 q - a scroll of fog {unknown}
 x - a scroll of teleportation {unknown}
Potions
 c - 2 potions of invisibility
 d - 2 potions of heal wounds
 j - 4 potions of mutation
 m - a potion of cancellation
 n - a potion of attraction {unknown}
 o - a potion of lignification {unknown}
 r - a potion of enlightenment {unknown}
 u - a potion of ambrosia {unknown}
 v - a potion of curing {unknown}


   Skills:
 + Level 5.7 Short Blades
 - Level 2.1 Dodging
 - Level 5.5 Stealth
 - Level 2.0 Spellcasting
 + Level 8.6 Hexes
 + Level 4.8 Ice Magic


You had 2 spell levels left.
You knew the following spells:

 Your Spells              Type           Power      Damage    Failure   Level
a - Ensorcelled Hibernat  Hex/Ice        54%        N/A       1%          2
b - Confusing Touch       Hex            34%        N/A       1%          3
c - Tukima's Dance        Hex            34%        N/A       1%          3

Your spell library contained the following spells:

 Spells                   Type           Power      Damage    Failure   Level
 Dazzling Flash           Conj/Hex       36%        N/A       9%          3


Dungeon Overview and Level Annotations

Branches:
Dungeon (5/15)             Temple (0/1) D:5

Altars:
Dithmenos
Fedhas
Gozag
Makhleb
Nemelex Xobeh
Okawaru
Wu Jian

Annotations:
D:5 Grinder


Innate Abilities, Weirdness & Mutations

Your natural rate of healing is accelerated.
You have razor-sharp teeth.
You have supernaturally acute eyesight. (SInv)
You are afflicted with vampirism and can become a bat while bloodless.


Message History

The orc hits you from afar with a +0 trident.
You hit Grinder. You bite Grinder.
Grinder is lightly wounded.
The orc hits you but does no damage.
The orc hits you from afar with a +0 trident.
You hit Grinder. You punch Grinder, but do no damage.
Grinder is lightly wounded.
You barely miss Grinder.
Grinder is lightly wounded.
The orc hits your +1 short sword of distortion with a +0 hand axe.
The orc hits you. The orc misses you. The jelly misses you.
The orc barely misses your +1 short sword of distortion.
Your +1 short sword of distortion hits the orc.
The orc dies!
Dithmenos accepts your kill.
You hit Grinder but do no damage. Your bite misses Grinder.
Grinder is lightly wounded.
The orc barely misses you. The jelly barely misses you.
The orc hits your +1 short sword of distortion with a +0 hand axe.
Your +1 short sword of distortion falls from the air.
Unknown command.
The jelly attacks as it pursues you! The jelly barely misses you.
The orc attacks as it pursues you! The orc hits you with a +0 hand axe.
* * * LOW HITPOINT WARNING * * *
Grinder hits you.
* * * LOW HITPOINT WARNING * * *
You writhe in agony.
* * * LOW HITPOINT WARNING * * *
The orc attacks as it pursues you! The orc hits you but does no damage.
The jelly attacks as it pursues you! The jelly completely misses you.
Grinder hits the jelly!
The jelly writhes in agony.
Grinder is burned by acid!
You hit Grinder.
Grinder is moderately wounded.
Unknown command.
You hit Grinder.
Grinder is heavily wounded.
The jelly closely misses you. Grinder hits you.
* * * LOW HITPOINT WARNING * * *
You writhe in agony.
You die...

#######...................###..
####'##..................
#.....#..................
#....<#..................
##....#..................
##....#..................
+.....#..................
##'####5.........########
#.....oJ@........
#.....o#####.... +....o.# .
#...(..# ......o..# ..........#
..........# ..........#
..........#


You could see Grinder (confused), a jelly and 3 orcs.

Vanquished Creatures
  A steam dragon (D:5)
  Edmund (D:4)
  3 ogres
  2 scorpions
  A howler monkey (D:5)
  A jelly (D:5)
  2 hounds
  An orc priest (D:4)
  A sleepcap (D:4)
  Jessica (D:3)
  Ijyb (D:4)
  Robin (D:2)
  3 adders
  4 gnolls (D:4)
  2 dart slugs
  A worm (D:2)
  11 orcs
  3 bats
  7 endoplasms
  3 giant cockroaches
  9 goblins
  4 hobgoblins
  6 jackals
  3 kobolds
  2 quokkas
  7 ball pythons
  4 frilled lizards
  2 rats (D:2)
87 creatures vanquished.

Vanquished Creatures (collateral kills)
  An orc (D:5)
  6 goblins (D:2)
  A hobgoblin (D:2)
  A kobold (D:2)
9 creatures vanquished.

Vanquished Creatures (others)
  A dancing weapon (D:5)
  A white imp (D:5)
  An orc (D:3)
  A ball python (D:4)
  A goblin (D:2)
5 creatures vanquished.

Grand Total: 101 creatures vanquished

Notes
Turn   | Place    | Note
-------+----------+-------------------------------------------
     0 | D:1      | grandjackal the Vampire Enchanter began the quest for the
                  | Orb.
     0 | D:1      | Reached XP level 1. HP: 13/13 MP: 3/3
   182 | D:1      | Found a faded altar of an unknown god.
   245 | D:1      | Reached XP level 2. HP: 19/19 MP: 5/5
   439 | D:1      | Learned a level 2 spell: Ensorcelled Hibernation
   629 | D:2      | Noticed Robin
   637 | D:2      | Reached skill level 5 in Stealth
   642 | D:2      | Reached skill level 5 in Hexes
   649 | D:2      | Gained mutation: You are afflicted with vampirism and can
                  | become a bat while bloodless. [Vampire growth]
   649 | D:2      | Reached XP level 3. HP: 24/24 MP: 6/6
   678 | D:2      | Killed Robin
   819 | D:2      | Reached skill level 1 in Ice Magic
  1065 | D:2      | Reached XP level 4. HP: 30/30 MP: 7/7
  1483 | D:2      | Learned a level 3 spell: Confusing Touch
  1558 | D:3      | Found an ornate altar of the Wu Jian Council.
  1717 | D:3      | Found a blossoming altar of Fedhas.
  1745 | D:3      | Noticed Jessica
  1762 | D:3      | Killed Jessica
  1903 | D:3      | Found an iron altar of Okawaru.
  1909 | D:3      | Found a sparkling altar of Nemelex Xobeh.
  1909 | D:3      | Found an opulent altar of Gozag.
  1915 | D:3      | Found a burning altar of Makhleb.
  1926 | D:3      | Found a shadowy altar of Dithmenos.
  1943 | D:3      | Became a worshipper of Dithmenos the Shadowed
  2173 | D:4      | Noticed Ijyb
  2193 | D:4      | Killed Ijyb
  2194 | D:4      | Reached XP level 5. HP: 17/35 MP: 8/8
  2197 | D:4      | Reached skill level 6 in Hexes
  2445 | D:4      | Reached XP level 6. HP: 41/41 MP: 4/9
  2533 | D:4      | Learned a level 3 spell: Tukima's Dance
  2695 | D:4      | Noticed Edmund
  2718 | D:4      | Killed Edmund
  2719 | D:4      | Reached skill level 7 in Hexes
  2858 | D:4      | Reached XP level 7. HP: 46/46 MP: 10/10
  3151 | D:5      | Entered Level 5 of the Dungeon
  3199 | D:5      | Reached * piety under Dithmenos
  3317 | D:5      | Found a staircase to the Ecumenical Temple.
  3355 | D:5      | Noticed a steam dragon
  3369 | D:5      | Killed a steam dragon
  3370 | D:5      | Reached skill level 5 in Short Blades
  3373 | D:5      | Reached skill level 8 in Hexes
  3711 | D:5      | Noticed Grinder
  3730 | D:5      | HP: 1/46 [Grinder (6)]
  3730 | D:5      | Slain by Grinder

Illustrated notes

Levels and vault maps discovered:
D:1:      evilmike_arrival_crescent, layout_rooms, basic_ecumenical_altar,
          solitary_fountain
D:2:      layout_basic, uniq_robin
D:3:      layout_rooms, minmay_overflow_temple_hex, mainiacjoe_overflow_paths,
          nicolae_wu_jian_wuxing_cycle, uniq_jessica
D:4:      layout_loops_ring, serial_glass, glass_columns_a, glass_columns_a,
          serial_park_tiny_pond, uniq_ijyb, uniq_edmund
D:5:      layout_gridville, minmay_temple_entry_junction, nicolae_hexahallways,
          amcnicky_mini_pool_small, uniq_grinder

Skill      XL: |  1  2  3  4  5  6  7 |
---------------+----------------------+-----
Stealth        | 5 |  5.5
Short Blades   | 2 3 4 5 |  5.7
Hexes          | 5 6 7 8 |  8.6
Ice Magic      | 1 2 3 4 |  4.8
Dodging        | |  2.1
Spellcasting   | |  2.0

Action                     |  1- 3 |  4- 6 |  7- 9 || total
---------------------------+-------+-------+-------++-------
  Melee: Dagger            |    85 |   153 |    74 ||   312
         Punch             |     1 |     2 |     1 ||     4
         Bite              |     8 |    14 |     7 ||    29
   Cast: Ensorcelled Hiber |     5 |    17 |     9 ||    31
         Confusing Touch   |       |     1 |     1 ||     2
         Tukima's Dance    |       |       |     1 ||     1
  Evoke: Wand              |       |     3 |       ||     3
    Use: Scroll            |       |     2 |     1 ||     3
   Stab: Sleeping          |     9 |    18 |     8 ||    35
         Distracted        |     1 |       |       ||     1
         Confused          |       |     1 |       ||     1
 Armour: Robe              |    41 |    63 |    46 ||   150
  Dodge: Dodged            |    54 |    84 |    58 ||   196

Table legend: (Time is in decaauts)
 A = Elapsed time spent in this place.
 B = Non-inter-level travel time spent in this place.
 C = Inter-level travel time spent in this place.
 D = Time resting spent in this place.
 E = Time spent auto-exploring this place.
 F = Levels seen in this place.
 G = Mean time per level.
                   A        B        C        D        E       F      G
               +--------+--------+--------+--------+--------+-----+--------+
         Total |   3677 |   3554 |    123 |    414 |   2298 |   5 |  735.4 |
       Dungeon |   3677 |   3554 |    123 |    414 |   2298 |   5 |  735.4 |
               +--------+--------+--------+--------+--------+-----+--------+

Top non-repeatable levels by time:
     D:2: 1093 daAuts
     D:4: 1009 daAuts
     D:3: 564 daAuts
     D:5: 561 daAuts
     D:1: 448 daAuts
